 Dungeon Crawl Stone Soup version 0.25.1-2-g60ff931df9 (webtiles) character file.

Game seed: 6107407303367611779

1961 DildoBatman the Conjurer (level 9, 0/63 HPs)
             Began as a Formicid Wizard on Aug 28, 2020.
             Was a Follower of Kikubaaqudgha.
             Slain by a water moccasin (1 damage)
             ... on level 7 of the Dungeon.
             The game lasted 00:27:42 (8389 turns).

DildoBatman the Conjurer (Formicid Wizard)          Turns: 8389, Time: 00:27:43

Health: 0/63       AC:  4    Str: 11    XL:     9   Next: 42%
Magic:  7/22       EV: 14    Int: 25    God:    Kikubaaqudgha [*.....]
Gold:   421        SH:  0    Dex: 21    Spells: 7/14 levels left

rFire    . . .     SeeInvis +   a - +10 spear "Abrimi Cahe" {venom, MP+9 Int+3 Dex+6}
rCold    . . .     Gourm    .   (no shield)
rNeg     . . .     Faith    .   k - +0 robe
rPois    .         Spirit   .   (helmet unavailable)
rElec    .         Reflect  .   o - +1 cloak
rCorr    .         Harm     .   (no gloves)
MR       +....                  (no boots)
Stlth    ++........             (no amulet)
HPRegen  0.20/turn              F - +6 ring of dexterity
MPRegen  0.18/turn              z - ring of protection from magic

@: brilliant
A: permanent stasis, dig shafts and tunnels, four strong arms, antennae 3
a: Dig, Shaft Self, Receive Corpses, Renounce Religion


You were on level 7 of the Dungeon.
You worshipped Kikubaaqudgha.
Kikubaaqudgha was aware of your devotion.
You were very hungry.

You visited 2 branches of the dungeon, and saw 8 of its levels.

You collected 421 gold pieces.

Inventory:

Hand Weapons
 a - the +10 spear "Abrimi Cahe" (weapon) {venom, MP+9 Int+3 Dex+6}
   (You found it on level 6 of the Dungeon)

   It poisons the flesh of those it strikes.
   It affects your intelligence (+3).
   It affects your dexterity (+6).
   It affects your magic capacity (+9).
Missiles
 i - 189 stones
 l - 75 arrows
 m - 11 atropa-tipped darts
 p - 4 boomerangs
 w - 4 javelins
 y - 61 bolts
 A - 39 poisoned darts (quivered)
 D - 36 sling bullets
Armour
 k - a +0 robe (worn)
 o - a +1 cloak (worn)
Jewellery
 t - an uncursed ring of resist corrosion
 z - a ring of protection from magic (right hand)
 F - a +6 ring of dexterity (left hand)
 I - an uncursed ring of protection from cold
Scrolls
 c - 2 scrolls of fog {unknown}
 d - a scroll of fear
 g - a scroll of identify
 j - a scroll of noise
 u - a scroll of enchant weapon {unknown}
 x - 3 scrolls of remove curse
 C - 2 scrolls of amnesia
 E - a scroll of immolation {unknown}
Potions
 b - a potion of berserk rage {unknown}
 e - 2 potions of stabbing {unknown}
 f - a potion of brilliance
 h - a potion of heal wounds {unknown}
 n - a potion of degeneration {unknown}
 r - a potion of ambrosia {unknown}
 s - 2 potions of curing {unknown}
 B - a potion of might {unknown}
 G - a potion of mutation {unknown}
 H - a potion of cancellation {unknown}
Comestibles
 v - 13 rations


   Skills:
 * Level 3.1 Fighting
 * Level 3.0 Armour
 * Level 3.2 Dodging
 - Level 2.4 Stealth
 - Level 3.2 Spellcasting
 - Level 6.0 Conjurations
   Level 1.0 Summonings
   Level 0.8 Translocations
 - Level 5.0 Fire Magic
 - Level 5.0 Air Magic


You had 7 spell levels left.
You knew the following spells:

 Your Spells              Type           Power        Failure   Level  Hunger
a - Conjure Flame         Conj/Fire      #####...     3%          3    None
c - Magic Dart            Conj           ####         1%          1    None
e - Mephitic Cloud        Conj/Pois/Air  ####....     7%          3    None

Your spell library contained the following spells:

 Spells                   Type           Power        Failure   Level  Hunger
 Apportation              Tloc           ##....       7%          1    None
 Summon Small Mammal      Summ           ##..         7%          1    None
 Dazzling Flash           Conj/Hex       ####..       9%          3    None
 Animate Skeleton         Necr           N/A          10%         1    None
 Corona                   Hex            #......      10%         1    None
 Pain                     Necr           #...         10%         1    None
 Call Imp                 Summ           ##......     10%         2    None
 Ensorcelled Hibernation  Hex/Ice        #.....       16%         2    None
 Slow                     Hex            #.......     16%         2    None
 Sublimation of Blood     Necr           #.........   16%         2    None
 Confusing Touch          Hex            #.......     30%         3    None
 Tukima's Dance           Hex            #.......     30%         3    None
 Vampiric Draining        Necr           #.........   30%         3    None
 Blink                    Tloc           Unusable     N/A         2    N/A

Dungeon Overview and Level Annotations

Branches:
Dungeon (7/15)             Temple (1/1) D:7

Altars:
Ashenzari
Cheibriados
Dithmenos
Elyvilon
Fedhas
Hepliaklqana
Kikubaaqudgha
Makhleb
Nemelex Xobeh
Okawaru
Qazlal
Ru
Sif Muna
Trog
Uskayaw
Vehumet
Wu Jian
Xom
Yredelemnul

Shops:
D:5 :


Innate Abilities, Weirdness & Mutations

You cannot be hasted, slowed, berserked, paralysed or teleported.
You can dig through walls and to a lower floor.
Your four strong arms can wield two-handed weapons with a shield.
You have a pair of large antennae on your head. (SInv)


Message History

You are engulfed in blazing flames.
The killer bee zombie closely misses you.
The killer bee zombie hits you.
The water moccasin is engulfed in blazing flames.
The water moccasin misses you.
The killer bee zombie is engulfed in blazing flames.
The killer bee zombie hits you!
You extend your mandibles.
Unknown command.
You dig through the rock wall.
The killer bee zombie is engulfed in blazing flames.
It was a potion of brilliance.
You feel clever all of a sudden. The water moccasin barely misses you.
The killer bee zombie is engulfed in blazing flames.
You destroy the killer bee zombie!
Kikubaaqudgha accepts your kill. The water moccasin bites you.
You die...
Kikubaaqudgha rasps: "You have failed me!
Welcome... death!"

{ <.... .... ....
#.. ###
#....####@#
#.##...§S##
.######.######5#
.......?...###§##
..........5....!#
#............####
#......>...###
##..#.######
#.##.


You could see a water moccasin and a crimson imp.

Vanquished Creatures
  A water moccasin (D:5)
  An orc warrior (D:3)
  An ice beast (D:6)
  4 ogres
  2 centaurs (D:6)
  A bullfrog (D:6)
  2 scorpions
  A howler monkey (D:6)
  A quasit (D:6)
  A bullfrog zombie (D:4)
  A centaur zombie (D:4)
  4 hounds (D:5)
  A jelly (D:6)
  3 orc priests
  2 orc wizards
  A centaur skeleton (D:4)
  An iguana (D:5)
  3 worker ants
  A killer bee zombie (D:7)
  2 hound skeletons (D:4)
  A howler monkey zombie (D:4)
  A worker ant zombie (D:4)
  12 adders
  8 gnolls
  A howler monkey skeleton (D:4)
  2 shadow imps
  3 adder skeletons
  3 adder zombies (D:4)
  6 worms
  6 dart slugs
  3 leopard geckos
  22 orcs
  6 bats
  12 giant cockroaches
  9 goblins
  9 hobgoblins
  4 jackals
  3 quokkas
  3 ball pythons
  7 frilled lizards
  11 kobolds
  A leopard gecko skeleton (D:4)
  3 leopard gecko zombies (D:4)
  A quokka skeleton (D:4)
  8 rats
179 creatures vanquished.

Notes
Turn   | Place    | Note
-------+----------+-------------------------------------------
     0 | D:1      | DildoBatman the Formicid Wizard began the quest for the
                  | Orb.
     0 | D:1      | Reached XP level 1. HP: 13/13 MP: 4/4
    26 | D:1      | Reached skill level 1 in Conjurations
   203 | D:1      | Reached XP level 2. HP: 19/19 MP: 3/6
   230 | D:1      | Reached skill level 2 in Conjurations
   643 | D:1      | Reached XP level 3. HP: 24/24 MP: 5/7
   648 | D:1      | Learned a level 3 spell: Conjure Flame
   652 | D:1      | Learned a level 3 spell: Mephitic Cloud
   974 | D:2      | Reached skill level 3 in Conjurations
  1100 | D:2      | Reached XP level 4. HP: 30/30 MP: 4/8
  1912 | D:2      | Found a sparkling altar of Nemelex Xobeh.
  1959 | D:2      | Reached skill level 4 in Conjurations
  1959 | D:2      | Reached XP level 5. HP: 33/35 MP: 2/9
  2150 | D:3      | Found a hide-covered altar of Uskayaw.
  2741 | D:3      | Noticed an orc warrior
  3097 | D:3      | Found a shadowy altar of Dithmenos.
  3247 | D:3      | You fall into a shaft and drop 1 floor!
  3258 | D:4      | Reached skill level 5 in Conjurations
  3258 | D:4      | Reached XP level 6. HP: 33/41 MP: 4/10
  3796 | D:4      | Reached skill level 1 in Fire Magic
  4078 | D:4      | Reached skill level 1 in Air Magic
  4078 | D:4      | Reached XP level 7. HP: 33/46 MP: 2/11
  5519 | D:5      | Entered Level 5 of the Dungeon
  5578 | D:5      | Reached skill level 6 in Conjurations
  5850 | D:5      | Reached XP level 8. HP: 52/52 MP: 9/12
  6105 | D:6      | Got a jewelled spear
  6108 | D:6      | Identified the +10 spear "Abrimi Cahe" {venom, MP+9 Int+3
                  | Dex+6} (You found it on level 6 of the Dungeon)
  6187 | D:7      | Found a staircase to the Ecumenical Temple.
  6198 | Temple   | Entered the Ecumenical Temple
  6414 | Temple   | Became a worshipper of Kikubaaqudgha
  7185 | D:5      | Reached skill level 5 in Fire Magic
  7314 | D:5      | Reached skill level 5 in Air Magic
  7314 | D:5      | Reached XP level 9. HP: 56/57 MP: 13/13
  7417 | D:5      | Found Sururr's Book Shoppe.
  7535 | D:5      | Found a burning altar of Makhleb.
  7747 | D:6      | Reached skill level 1 in Fighting
  7747 | D:6      | Reached skill level 1 in Armour
  7780 | D:6      | Reached * piety under Kikubaaqudgha
  7780 | D:6      | Identified Kikubaaqudgha's Handbook of Dark Magic
                  | (Kikubaaqudgha gifted it to you on level 6 of the Dungeon)
  7780 | D:6      | Received a gift from Kikubaaqudgha
  8387 | D:7      | HP: 1/63 [killer bee zombie (8)]
  8389 | D:7      | Slain by a water moccasin

Illustrated notes

Levels and vault maps discovered:
D:1:      heliophobic_arrival_battle_scene, layout_basic
D:2:      layout_basic, lemuel_crystal_altar, kennysheep_generic_room_12
D:3:      wad_crossroads, layout_basic,
          nicolae_dithmenos_through_a_glass_darkly,
          eat_drink_and_be_merry_uskayaw, moated_statue
D:4:      layout_loops_corners, serial_undead, serial_undead_f, serial_undead_a,
          serial_undead_b, serial_undead_f, serial_undead_b, serial_undead_f,
          first_ration, minmay_joined_circles
D:5:      layout_basic, makhleb_blood_cavern_becter, serial_shops,
          nicolae_shop_crystal
D:6:      layout_loops_cross
D:7:      layout_rooms, minmay_temple_entry_poolview
Temple:   regret_index_temple_generic_petals

Skill      XL: |  1  2  3  4  5  6  7  8  9 |
---------------+----------------------------+-----
Conjurations   | 1 2 3 4 5 6 |  6.0
Fire Magic     | 1 3 5 |  5.0
Air Magic      | 1 2 5 |  5.0
Fighting       | 3 |  3.1
Armour         | 3 |  3.0
Dodging        | 3 |  3.2
Stealth        | |  2.4
Spellcasting   | |  3.2
Summonings     | |  1.0
Translocations | |  0.8

Action                   |  1- 3 |  4- 6 |  7- 9 || total
-------------------------+-------+-------+-------++-------
Melee: Short sword       |     9 |       |       ||     9
       Dagger            |     5 |    39 |    38 ||    82
       Spear             |       |       |    80 ||    80
Throw: Javelin           |       |    12 |       ||    12
       Dart              |       |     2 |    13 ||    15
       Stone             |       |     1 |       ||     1
 Cast: Magic Dart        |    65 |   165 |   111 ||   341
       Mephitic Cloud    |       |     3 |    15 ||    18
       Conjure Flame     |       |     4 |    23 ||    27
 Abil: Dig               |     1 |     6 |     5 ||    12
  Use: Scroll            |       |     3 |     6 ||     9
       Potion            |       |       |     1 ||     1
 Stab: Confused          |       |     3 |     9 ||    12
       Sleeping          |       |     1 |     3 ||     4
  Eat: Chunk             |       |    10 |    16 ||    26
Armor: Robe              |     1 |     8 |    11 ||    20
Dodge: Dodged            |    16 |    36 |    51 ||   103
